 Dungeon Crawl Stone Soup version 0.24-a0-525-g9231cdc (webtiles) character file.

Game seed: 17506270287927423324

43068 Firecrotchwizard the Brawler (level 14, -5/132 HPs)
             Began as a Ghoul Fighter on Aug 3, 2019.
             Was a High Priest of Okawaru.
             Slain by an orc knight
             ... wielding a +0 great mace
              (8 damage)
             ... on level 2 of the Orcish Mines.
             The game lasted 00:49:30 (18732 turns).

Firecrotchwizard the Brawler (Ghoul Fighter)       Turns: 18732, Time: 00:49:31

Health: -5/132     AC: 12    Str: 25    XL:     14   Next: 22%
Magic:  19/19      EV:  9    Int:  6    God:    Okawaru [*****.]
Gold:   929        SH: 15    Dex:  8    Spells: 13/13 levels left

rFire    + + +     SeeInvis .     - Unarmed
rCold    + + .     Gourm    .   b - +0 shield
rNeg     + + +     Faith    .   O - +0 fire dragon scales
rPois    ∞         Spirit   .   K - +0 hat of Poor Excuses {rF+ Int+3}
rElec    .         Reflect  +   i - scarf {rC+ rF+}
rCorr    +         Harm     .   t - +2 pair of gloves {archery}
MR       +....                  (no boots)
Stlth    ..........             q - +2 amulet of reflection
HPRegen  0.00/turn              N - ring of resist corrosion
MPRegen  0.16/turn              u - ring of protection from cold {rC+, !d}

@: marked, rotting
A: rotting body, claws 1, carnivore, cold resistance 1, negative energy
resistance 3, inhibited regeneration, torment resistance, unbreathing
a: Heroism, Finesse, Renounce Religion


You were on level 2 of the Orcish Mines.
You worshipped Okawaru.
Okawaru was extremely pleased with you.
You were not hungry.

You visited 4 branches of the dungeon, and saw 19 of its levels.
You also visited: Bailey.

You collected 929 gold pieces.

Inventory:

Armour
 b - a +0 shield (worn)
 c - a +1 helmet
   (You found it on level 6 of the Lair of Beasts)
 i - a scarf of resistance (worn)
   (You found it on level 7 of the Dungeon)
 t - a +2 pair of gloves of archery (worn)
   (Okawaru gifted it to you on level 4 of the Lair of Beasts)
 y - a +0 chain mail
   (You found it on level 6 of the Dungeon)
 I - a +1 hat of see invisible
   (You took it off Gastronok on level 8 of the Dungeon)
 K - the +0 hat of Poor Excuses (worn) {rF+ Int+3}
   (Okawaru gifted it to you on level 5 of the Lair of Beasts)

   It affects your intelligence (+3).
   It protects you from fire.
 O - +0 fire dragon scales (worn)
   (You found it on level 6 of the Lair of Beasts)
Jewellery
 h - an uncursed ring of magical power {MP+9}
   (You found it on level 4 of the Lair of Beasts)
 q - a +2 amulet of reflection (around neck)
   (You found it on level 2 of the Dungeon)
 u - a ring of protection from cold (right hand) {rC+, !d}
   (You found it on level 4 of the Lair of Beasts)
 w - an uncursed amulet of faith {Faith, !P}
   (You found it on level 5 of the Dungeon)
 A - an uncursed ring of see invisible {sInv, !d}
   (You found it on level 10 of the Dungeon)
 D - an uncursed amulet of the acrobat
   (You found it on level 7 of the Dungeon)
 L - an uncursed ring of ice {unknown}
   (You found it on level 6 of the Lair of Beasts)
 N - a ring of resist corrosion (left hand)
   (You found it on level 1 of the Lair of Beasts)
 R - an uncursed amulet of magic regeneration {unknown}
   (You found it on level 6 of the Lair of Beasts)
Wands
 e - a wand of clouds (4)
   (You found it on level 7 of the Dungeon)
 f - a wand of enslavement (6)
   (You found it on level 6 of the Lair of Beasts)
 g - a wand of flame (31)
   (You found it on level 2 of the Dungeon)
 p - a wand of disintegration (17)
   (You found it on level 3 of the Lair of Beasts)
 x - a wand of digging (7)
   (You found it on level 5 of the Lair of Beasts)
 E - a wand of paralysis (12)
   (You took it off Pikel on level 7 of the Dungeon)
 F - a wand of polymorph (19)
   (You found it on level 7 of the Dungeon)
Scrolls
 a - a scroll of remove curse
 j - 2 scrolls of immolation {!r}
 l - a scroll of fog
 r - 3 scrolls of amnesia
 s - 5 scrolls of teleportation
 J - 3 scrolls of enchant weapon
 M - a scroll of blinking {!r}
Potions
 k - 2 potions of mutation
 m - 6 potions of haste
 n - 5 potions of curing
 o - a potion of magic
 z - a potion of resistance
 B - a potion of might
 C - 2 potions of brilliance
 G - 4 potions of lignification
 H - a potion of flight
 P - a potion of degeneration {unknown}
 Q - a potion of ambrosia
Comestibles
 d - 30 rations


   Skills:
 + Level 14.0 Fighting
 - Level 2.6 Armour
 + Level 12.0 Shields
 * Level 15.4 Unarmed Combat
 - Level 8.0 Invocations


You had 13 spell levels left.
You didn't know any spells.
Your spell library contained the following spells:

 Spells                   Type           Power        Failure   Level  Hunger
 Animate Skeleton         Necr           N/A          90%         1    ##.....
 Flame Tongue             Conj/Fire      #....        90%         1    ##.....
 Pain                     Necr           #...         90%         1    ##.....
 Blink                    Tloc           N/A          97%         2    ###....
 Poisonous Vapours        Pois/Air       #.....       97%         2    ###....
 Shroud of Golubria       Chrm/Tloc      #.....       97%         2    ###....
 Throw Flame              Conj/Fire      #.....       97%         2    ###....
 Conjure Flame            Conj/Fire      #.......     99%         3    ####...
 Gell's Gravitas          Tloc           #.........   99%         3    ####...
 Inner Flame              Hex/Fire       #.......     99%         3    ####...
 Lesser Beckoning         Tloc           #.........   99%         3    ####...
 Mephitic Cloud           Conj/Pois/Air  #.......     99%         3    ####...
 Regeneration             Chrm/Necr      #.........   99%         3    ####...
 Teleport Other           Tloc           #.......     99%         3    ####...
 Vampiric Draining        Necr           #.........   99%         3    ####...
 Animate Dead             Necr           N/A          100%        4    #####..
 Passage of Golubria      Tloc           N/A          100%        4    #####..
 Sticky Flame             Conj/Fire      #.......     100%        4    #####..
 Fireball                 Conj/Fire      #.........   100%        5    ######.
 Freezing Cloud           Conj/Ice/Air   #.........   100%        6    #######
 Ring of Flames           Chrm/Fire      #.........   100%        7    #######


Dungeon Overview and Level Annotations

Branches:
Dungeon (10/15)            Temple (1/1) D:4            Lair (6/6) D:8
 Shoals (0/4) Lair:3       Spider (0/4) Lair:3        Slime (0/5) Lair:6
    Orc (2/2) D:9             Elf (0/3) Orc:2

Altars:
Ashenzari
Cheibriados
Dithmenos
Elyvilon
Fedhas
Gozag
Hepliaklqana
Kikubaaqudgha
Makhleb
Nemelex Xobeh
Okawaru
Qazlal
Ru
Sif Muna
Trog
Uskayaw
Vehumet
Wu Jian
Xom
Yredelemnul
Zin
The Shining One
Beogh
Jiyva

Shops:
D:4 (   D:6 !

Annotations:
Lair:4 exclusion: 3 oklob plants


Innate Abilities, Weirdness & Mutations

Your body is rotting away.
You thrive on raw meat.
You are immune to poison.
You have sharp fingernails.
You are carnivorous and can eat meat at any time.
Your flesh is cold resistant. (rC+)
You are immune to negative energy. (rN+++)
You do not regenerate when monsters are visible.
You are immune to unholy pain and torment.
You can survive without breathing.


Message History

An orc wizard comes into view.
It is wielding a +0 dagger and wearing a +0 robe of magic resistance.
The orc wizard hits you but does no damage.
You block the orc's attack.
The orc high priest prays to Beogh.
An orc priest comes into view. It is wielding a +0 flail.
Something hits you but does no damage.
An ogre comes into view. It is wielding a +0 giant spiked club.
An orc comes into view. It is wielding a +0 short sword.
You take 1 damage, and have 71/132 hp.
Unknown command.
As you read the scroll of fog, it crumbles to dust.
The scroll dissolves into smoke.
You block the orc wizard's attack. x2
The orc barely misses you. You block the orc warrior's attack.
The orc hits you but does no damage. Something hits you but does no damage.
You punch the orc sorcerer! You block the orc wizard's attack.
You block the orc's attack.
The orc sorcerer hits you but does no damage.
You block the orc's attack.
You punch the orc sorcerer! You block the orc wizard's attack.
The orc warrior barely misses you. Something hits you but does no damage.
You block the orange demon's attack.
You pummel the orc sorcerer!!
You kill the orc sorcerer!
Okawaru accepts your kill.
You can now speed up your combat.
Okawaru will now gift you equipment as you gain piety.
You block the orc's attack. You block the orc warrior's attack.
You pummel the orc warrior!!
You kill the orc warrior!
Okawaru accepts your kill. You block something's attack.
You block the orange demon's attack.
You pummel the orc!!
You kill the orc!
Your surroundings suddenly seem different.
The orc sorcerer hits you but does no damage.
An orc comes into view. It is wielding a +0 dagger.
An orc comes into view. It is wielding a -2 flail.
An orc comes into view. It is wielding a -3 flail.
Found a stone staircase leading up. 8 orcs come into view.
An orc warrior is wielding a +2 dire flail of protection.
You barely miss the orc sorcerer.
You feel like a meek peon again.
An orc warrior comes into view. It is wielding a +0 trident.
An orc comes into view. It is wielding a +0 mace.
The orc sorcerer hits you but does no damage.
An orc comes into view. It is wielding a +0 flail.
You hit the orc sorcerer. The orc hits you but does no damage.
You block the orc warrior's attack.
You punch the orc knight!
The orc throws a boomerang.
You reflect the boomerang off an invisible shield around you!
The boomerang barely misses the orc warrior.
The boomerang closely misses the orc.
The weapon returns to the orc!
The orc sorcerer hits you but does no damage.
An orc priest comes into view. It is wielding a +0 dagger.
The orc sorcerer casts a spell.
You block the orc's attack.
You hit the orc knight. You block the orc knight's attack.
The orc wizard casts a spell.
The orc wizard blinks!
The orc sorcerer hits you but does no damage.
The orc priest casts a cantrip, but nothing happens.
You hit the orc knight.
An orc comes into view. It is wielding a +0 club.
You block the orc's attack.
The orc warrior hits you with a +0 scimitar!
The orc throws a boomerang.
The boomerang barely misses you.
The weapon returns to the orc!
The orc knight roars a battlecry!
The orcs go into a battle-frenzy!
You block the orc sorcerer's attack.
You take 17 damage, and have 54/132 hp.
You hit the orc knight but do no damage.
An orc wizard comes into view. It is wielding a +0 dagger.
You block the orc's attack. You block the orc warrior's attack.
You punch the orc knight!
The orc wizard gestures wildly while chanting.
The orc wizard blinks!
The orc knight hits you with a +0 great mace!!
* * * LOW HITPOINT WARNING * * *
You block the orc sorcerer's attack.
The orc throws a boomerang.
The boomerang hits you.
* * * LOW HITPOINT WARNING * * *
The weapon returns to the orc!
An orc comes into view. It is wielding a +0 flail.
The orc warrior hits you with a +0 scimitar!!
* * * LOW HITPOINT WARNING * * *
An orc wizard comes into view. It is wielding a +0 dagger.
The orc wizard casts a spell.
The orc wizard flickers and vanishes!
The orc priest looks braver for a moment.
You block the orc's attack.
You hit the orc knight.
The orc sorcerer sings a few bars from the Orcish anthem.
The orc wizard gestures wildly while chanting.
The orc wizard blinks!
You block the orc warrior's attack.
The orc sorcerer hits you but does no damage.
You block the orc warrior's attack.
The orc knight hits you with a +0 great mace!
You die... #....O§###34..o. #....§.. oooo..# #..o..§## ooo.oo# ##o##...###o{#oo# o ..4 .o.#.o. .o#oo

.# ##Oo.#
##ooo#
#o@o#
#ooooo....
##oo.o.#..
#....#...
.....# ..
#..... .
.#....# .
.....


You could see an orc knight, a chaos spawn, 2 orc sorcerers, 3 orc warriors, an
ogre, 3 orc priests, 3 orc wizards and 8 orcs.

Vanquished Creatures
  Rupert (Lair:6)
  Gastronok (D:8)
  An ettin (Orc:1)
  Snorg (Lair:3)
  A fire dragon (Lair:6)
  5 hydras
  Erica (D:8)
  Pikel (D:7)
  A lindwurm (Lair:6)
  2 orc sorcerers (Orc:2)
  4 elephants (Lair:5)
  3 black mambas
  Maurice (D:8)
  A torpor snail (Lair:3)
  Joseph (D:7)
  3 molten gargoyles (Lair:6)
  12 komodo dragons
  7 spiny frogs
  5 rime drakes
  2 polar bears
  A queen bee (D:8)
  9 blink frogs
  A snapping turtle (Lair:3)
  5 dream sheep
  6 hippogriffs
  22 yaks
  2 wyverns (Lair:6)
  5 basilisks
  2 fire elementals (Lair:2)
  2 steam dragons
  2 vampire mosquitoes (Lair:3)
  A hungry ghost (D:9)
  4 insubstantial wisps (Lair:3)
  7 water moccasins
  A soldier ant (D:8)
  6 hell hounds
  Duvessa (D:5)
  7 orc warriors
  12 porcupines
  An ice beast (D:7)
  2 sky beasts
  4 black bears
  A necrophage (D:10)
  3 phantoms
  4 ogres
  A centaur (D:10)
  12 wolves
  10 crocodiles
  A big kobold (D:6)
  16 bullfrogs
  A gnoll sergeant (D:10)
  A scorpion (D:7)
  Dowan (D:5)
  2 troll zombies (D:9)
  15 killer bees (D:8)
  An electric eel (Lair:2)
  2 howler monkeys
  3 crimson imps
  2 centaur zombies
  2 bullfrog zombies
  5 hounds
  5 lava snakes (Lair:6)
  9 orc priests
  3 bullfrog skeletons
  A centaur skeleton (D:7)
  2 iguanas
  12 orc wizards
  9 worker ants
  A killer bee zombie (D:9)
  6 ogre zombies (D:9)
  A worker ant zombie (D:4)
  4 gnolls (D:10)
  2 howler monkey skeletons
  11 adders
  A shadow imp (D:6)
  An adder skeleton (D:4)
  A worm (D:5)
  7 dart slugs
  7 leopard geckos
  25 orcs
  8 giant cockroaches
  6 goblins
  7 hobgoblins
  9 jackals
  18 kobolds
  2 quokkas (D:7)
  A ball python (D:2)
  5 bats
  4 frilled lizards
  A goblin skeleton (D:9)
  3 goblin zombies (D:9)
  A hobgoblin skeleton (D:9)
  5 hobgoblin zombies (D:9)
  3 leopard gecko zombies
  3 orc skeletons (D:9)
  12 orc zombies (D:9)
  2 quokka skeletons
  12 rats
450 creatures vanquished.

Vanquished Creatures (others)
  2 centaurs
  An orc (Orc:2)
  14 fungi
  A plant (Lair:4)
18 creatures vanquished.

Grand Total: 468 creatures vanquished

Notes
Turn   | Place    | Note
-------+----------+-------------------------------------------
     0 | D:1      | Firecrotchwizard the Ghoul Fighter began the quest for the
                  | Orb.
     0 | D:1      | Reached XP level 1. HP: 19/19 MP: 0/0
    65 | D:1      | Reached XP level 2. HP: 20/26 MP: 1/1
   398 | D:1      | Reached skill level 3 in Unarmed Combat
   438 | D:1      | Reached XP level 3. HP: 31/31 MP: 2/2
   458 | D:1      | Reached skill level 3 in Shields
  1090 | D:2      | Reached XP level 4. HP: 36/40 MP: 3/3
  1521 | D:2      | HP: 4/38 [orc priest/divine providence (15)]
  1524 | D:2      | Reached skill level 4 in Fighting
  1524 | D:2      | Reached skill level 4 in Unarmed Combat
  1526 | D:2      | HP: 1/38 [something (3)]
  1527 | D:2      | Reached XP level 5. HP: 1/44 MP: 4/4
  1947 | D:3      | Found a deep blue altar of Sif Muna.
  2941 | D:4      | Reached skill level 5 in Unarmed Combat
  2941 | D:4      | Reached XP level 6. HP: 38/53 MP: 5/5
  3037 | D:4      | Found a staircase to the Ecumenical Temple.
  3046 | Temple   | Entered the Ecumenical Temple
  3142 | Temple   | Became a worshipper of Warmaster Okawaru
  3236 | D:4      | Reached skill level 4 in Shields
  3276 | D:4      | Found Hesmojui's Weapon Shop.
  3636 | D:4      | Reached skill level 5 in Fighting
  3652 | D:4      | Reached XP level 7. HP: 58/61 MP: 6/6
  3805 | D:5      | Entered Level 5 of the Dungeon
  3920 | D:5      | Reached skill level 6 in Unarmed Combat
  4061 | D:5      | HP: 15/60 [something (6)]
  4064 | D:5      | Reached * piety under Okawaru
  4217 | D:5      | Noticed Duvessa
  4240 | D:5      | Noticed Dowan
  4252 | D:5      | Killed Dowan
  4253 | D:5      | Killed Duvessa
  4253 | D:5      | Reached skill level 7 in Unarmed Combat
  4289 | D:5      | Found a sparkling altar of Nemelex Xobeh.
  4446 | D:6      | Reached XP level 8. HP: 68/70 MP: 7/7
  4649 | D:6      | Reached skill level 6 in Fighting
  4649 | D:6      | Reached skill level 5 in Shields
  4965 | D:6      | Reached skill level 8 in Unarmed Combat
  5187 | D:6      | Found Geajerub's Distillery.
  5628 | D:7      | Reached ** piety under Okawaru
  5634 | D:7      | Noticed Joseph
  5655 | D:7      | Killed Joseph
  5655 | D:7      | Reached skill level 7 in Fighting
  5655 | D:7      | Reached skill level 9 in Unarmed Combat
  5655 | D:7      | Reached XP level 9. HP: 39/79 MP: 8/8
  5933 | D:7      | Reached *** piety under Okawaru
  5933 | D:7      | Reached skill level 6 in Shields
  5940 | D:7      | Noticed Pikel
  5984 | D:7      | Paralysed by Pikel for 3 turns
  5992 | D:7      | Killed Pikel
  5992 | D:7      | Reached skill level 10 in Unarmed Combat
  6432 | D:8      | Noticed Maurice
  6453 | D:8      | Killed Maurice
  6453 | D:8      | Reached skill level 8 in Fighting
  6508 | D:8      | Reached XP level 10. HP: 50/88 MP: 9/9
  6515 | D:8      | Reached **** piety under Okawaru
  6540 | D:8      | Reached skill level 7 in Shields
  6540 | D:8      | Reached skill level 11 in Unarmed Combat
  6568 | D:8      | Found a flagged portal.
  6579 | Bailey   | Entered a bailey
  6754 | Bailey   | Noticed an orc knight
  6977 | D:8      | Found a staircase to the Lair.
  7036 | D:8      | Noticed Erica
  7045 | D:8      | Killed Erica
  7045 | D:8      | Reached skill level 2 in Invocations
  7091 | D:8      | Reached skill level 9 in Fighting
  7271 | D:8      | Noticed Gastronok
  7287 | D:8      | Killed Gastronok
  7287 | D:8      | Reached ***** piety under Okawaru
  7287 | D:8      | Reached skill level 8 in Shields
  7287 | D:8      | Reached skill level 4 in Invocations
  7287 | D:8      | Reached XP level 11. HP: 39/99 MP: 10/13
  7511 | D:8      | Reached skill level 10 in Fighting
  7528 | D:8      | Reached skill level 5 in Invocations
  7809 | D:9      | Found a staircase to the Orcish Mines.
  7818 | D:9      | Received a gift from Okawaru
  7914 | D:9      | HP: 24/101 [ogre zombie (5)]
  8217 | D:9      | Found a radiant altar of Vehumet.
  8291 | D:9      | Found a hazy altar of Hepliaklqana.
  8292 | D:9      | Found a glowing golden altar of the Shining One.
  8318 | D:9      | Found a shadowy altar of Dithmenos.
  8408 | D:10     | Entered Level 10 of the Dungeon
  8473 | D:10     | Reached skill level 6 in Invocations
  8574 | D:10     | Reached skill level 9 in Shields
  9023 | Lair:1   | Entered Level 1 of the Lair of Beasts
  9360 | Lair:1   | Reached skill level 11 in Fighting
  9499 | Lair:1   | Received a gift from Okawaru
  9517 | Lair:1   | Reached skill level 7 in Invocations
 10374 | Lair:2   | Received a gift from Okawaru
 10374 | Lair:2   | Reached XP level 12. HP: 101/110 MP: 13/16
 10375 | Lair:2   | Got a warped rapier {god gift}
 10883 | Lair:2   | HP: 27/110 [fire elemental (4)]
 10885 | Lair:2   | Reached skill level 8 in Invocations
 11169 | Lair:2   | Reached skill level 10 in Shields
 11869 | Lair:3   | You fall into a shaft and drop 2 floors!
 11911 | Lair:4   | Noticed a four-headed hydra
 11940 | Lair:4   | HP: 23/112 [rime drake/flash freeze (7)]
 11940 | Lair:4   | HP: 8/112 [four-headed hydra (11)]
 11949 | Lair:4   | HP: 14/112 [bullfrog (4)]
 12360 | Lair:3   | Found a staircase to the Shoals.
 12377 | Lair:3   | HP: 22/110 [snapping turtle (10)]
 12381 | Lair:3   | Reached skill level 12 in Fighting
 12670 | Lair:3   | Noticed Snorg
 12695 | Lair:3   | Killed Snorg
 12938 | Lair:3   | Found a hole to the Spider Nest.
 13533 | Lair:3   | Reached skill level 12 in Unarmed Combat
 13826 | Lair:4   | Received a gift from Okawaru
 13992 | Lair:4   | Noticed an eight-headed hydra
 13998 | Lair:4   | Killed an eight-headed hydra
 14561 | Lair:4   | Noticed a four-headed hydra
 14667 | Lair:4   | Killed a four-headed hydra
 14800 | Lair:4   | Found a sacrificial altar of Ru.
 14836 | Lair:4   | Reached skill level 13 in Unarmed Combat
 14836 | Lair:4   | Reached XP level 13. HP: 107/118 MP: 15/18
 15425 | Lair:5   | Reached skill level 11 in Shields
 15544 | Lair:5   | Reached skill level 13 in Fighting
 16069 | Lair:5   | Reached skill level 14 in Unarmed Combat
 16080 | Lair:5   | Received a gift from Okawaru
 16086 | Lair:5   | Got a fine hat {god gift}
 16099 | Lair:5   | Identified the +0 hat of Poor Excuses {rF+ Int+3} (Okawaru
                  | gifted it to you on level 5 of the Lair of Beasts)
 16290 | Lair:6   | Entered Level 6 of the Lair of Beasts
 16338 | Lair:6   | Found a staircase to the Slime Pits.
 16339 | Lair:6   | Found a viscous altar of Jiyva.
 16447 | Lair:6   | Noticed Rupert
 16478 | Lair:6   | Killed Rupert
 17162 | Lair:6   | Found a large runed translucent door.
 17163 | Lair:6   | Found a large runed translucent door.
 17236 | Lair:6   | Reached XP level 14. HP: 34/130 MP: 13/19
 17240 | Lair:6   | HP: 29/130 [lava snake/glob of lava (5)]
 17250 | Lair:6   | Reached skill level 15 in Unarmed Combat
 18200 | Orc:1    | Entered Level 1 of the Orcish Mines
 18254 | Orc:1    | Found a roughly hewn altar of Beogh.
 18264 | Orc:1    | Reached skill level 12 in Shields
 18673 | Orc:2    | Entered Level 2 of the Orcish Mines
 18673 | Orc:2    | Found a staircase to the Elven Halls.
 18702 | Orc:2    | Reached skill level 14 in Fighting
 18731 | Orc:2    | HP: 33/132 [orc/boomerang (1)]
 18731 | Orc:2    | HP: 3/132 [orc warrior/+0 scimitar[an orc knight] (30)]
 18732 | Orc:2    | Slain by an orc knight

Levels and vault maps discovered:
D:1:      minmay_arrival_radiant_lines, layout_loops_ring, serial_bayou_pond_b
D:2:      layout_basic, kennysheep_cluttered_room
D:3:      layout_basic, old_standard_altar, first_ration
D:4:      layout_basic, minmay_temple_entry_waves, gup_sewer_entry_pipe,
          serial_shops, shop, minmay_misc_feat_x, minmay_crossroads
D:5:      layout_cave_pools, old_standard_altar, uniq_duvessa
D:6:      layout_basic, serial_shops, nicolae_shop_waterfront
D:7:      layout_cave_pools, kennysheep_another_room,
          chequers_serial_rivers_micro_c, uniq_pikel, uniq_joseph
D:8:      layout_basic, due_lair_maze_entry_diamond, enter_bailey_3,
          david_nohive_1, grunt_decor_one_mirror, minmay_misc_feat_encased,
          uniq_erica, uniq_gastronok, uniq_maurice
D:9:      layout_rooms, vehumet_crystals, kennysheep_mini_moat,
          gammafunk_temple_overflow_statue, zombieorc2_lemuel
D:10:     layout_cave_pools, chequers_serial_rivers_micro_b
Temple:   minmay_temple_bridge_d
Lair:1:   layout_regular_city, enter_volcano_3, serial_bayou_shore_a,
          grunt_megastairs_5, infiniplex_staircase_pool_2
Lair:2:   layout_gridlike
Lair:3:   layout_cave_pods, minmay_shoals_entry_hut,
          spider_nest_entry_web_field, pond, uniq_snorg
Lair:4:   dpeg_oklob_gauntlet, layout_cave_shapes, basic_altar,
          nicolae_quartered_pool_little, st_stairs_5
Lair:5:   layout_roguey, lemuel_old_faithful
Lair:6:   cheibrodos_lair_end_hotspot, layout_gridlike, slime_altar_1,
          serial_rivers, chequers_serial_rivers_micro_b,
          chequers_serial_rivers_small_b, chequers_serial_rivers_micro_c,
          chequers_serial_rivers_micro_c, chequers_serial_rivers_room_b,
          guppyfry_lair_drakes, uniq_rupert
Orc:1:    layout_caves, basic_altar, mines2_david
Orc:2:    st_orc_mages, layout_caves, portal_ice_cave_entry_ice_beasts,
          nicolae_orc_crystal_geode

Skill      XL: |  1  2  3  4  5  6  7  8  9 10 11 12 13 14 |
---------------+-------------------------------------------+-----
Unarmed Combat | 3 4 5 7 9 10 11 13 14 15 | 15.4
Shields        | 3 4 5 6 8 9 10 11 12 | 12.0
Fighting       | 4 5 7 8 9 11 12 13 14 | 14.0
Invocations    | 4 7 8 |  8.0
Armour         | |  2.6

Action                   |  1- 3 |  4- 6 |  7- 9 | 10-12 | 13-15 || total
-------------------------+-------+-------+-------+-------+-------++-------
Melee: Unarmed           |    97 |   241 |   374 |   800 |   460 ||  1972
Invok: Heroism           |       |       |     4 |    24 |    16 ||    44
       Finesse           |       |       |       |     2 |     5 ||     7
Evoke: Wand              |       |       |       |     7 |     1 ||     8
  Use: Potion            |       |     1 |     1 |     4 |     3 ||     9
       Scroll            |       |     7 |     5 |    11 |     7 ||    30
  Eat: Chunk             |     3 |    18 |    32 |    77 |    48 ||   178
Armor: Scale mail        |    31 |    54 |    47 |       |       ||   132
       Chain mail        |       |       |    95 |   214 |   114 ||   423
       Fire dragon scale |       |       |       |       |    32 ||    32
Dodge: Dodged            |    30 |    50 |    60 |   165 |    96 ||   401
Block: Shield            |    43 |    99 |   206 |   519 |   291 ||  1158
       Reflection        |       |     1 |     7 |     7 |     9 ||    24

Table legend:
 A = Non-vault XP
 B = Vault XP
 C = Vault XP percentage of total XP
 D = Non-vault monster count
 E = Vault monster count
 F = Vault count percentage of total count
                 A         B        C        D         E       F
            +---------+---------+-------+---------+---------+-------
      Total |   35970 |   25557 |  41.5 |     317 |     136 |  30.0
            +---------+---------+-------+---------+---------+-------
        D:1 |      36 |       6 |  14.3 |      17 |       4 |  19.0
        D:2 |     154 |       0 |   0.0 |      27 |       0 |   0.0
        D:3 |      40 |       0 |   0.0 |      14 |       0 |   0.0
        D:4 |     409 |      16 |   3.8 |      20 |       6 |  23.1
        D:5 |     322 |     205 |  38.9 |      12 |       2 |  14.3
        D:6 |     815 |       0 |   0.0 |      28 |       0 |   0.0
        D:7 |     475 |    1140 |  70.6 |      13 |       2 |  13.3
        D:8 |    1339 |    5803 |  81.3 |      17 |      29 |  63.0
        D:9 |     550 |     733 |  57.1 |      18 |      36 |  66.7
       D:10 |    1353 |       0 |   0.0 |      15 |       0 |   0.0
     Lair:1 |    3777 |    1036 |  21.5 |      20 |       6 |  23.1
     Lair:2 |    2282 |       0 |   0.0 |      13 |       0 |   0.0
     Lair:3 |    4025 |    2369 |  37.1 |      20 |       8 |  28.6
     Lair:4 |    5369 |     400 |   6.9 |      19 |       1 |   5.0
     Lair:5 |   10193 |       0 |   0.0 |      34 |       0 |   0.0
     Lair:6 |    3086 |   12223 |  79.8 |      11 |      33 |  75.0
      Orc:1 |    1556 |       0 |   0.0 |      14 |       0 |   0.0
      Orc:2 |     189 |    1626 |  89.6 |       5 |       9 |  64.3
            +---------+---------+-------+---------+---------+-------

Levels and vault maps discovered:
D:1:      minmay_arrival_radiant_lines, layout_loops_ring, serial_bayou_pond_b
D:2:      layout_basic, kennysheep_cluttered_room
D:3:      layout_basic, old_standard_altar, first_ration
D:4:      layout_basic, minmay_temple_entry_waves, gup_sewer_entry_pipe,
          serial_shops, shop, minmay_misc_feat_x, minmay_crossroads
D:5:      layout_cave_pools, old_standard_altar, uniq_duvessa
D:6:      layout_basic, serial_shops, nicolae_shop_waterfront
D:7:      layout_cave_pools, kennysheep_another_room,
          chequers_serial_rivers_micro_c, uniq_pikel, uniq_joseph
D:8:      layout_basic, due_lair_maze_entry_diamond, enter_bailey_3,
          david_nohive_1, grunt_decor_one_mirror, minmay_misc_feat_encased,
          uniq_erica, uniq_gastronok, uniq_maurice
D:9:      layout_rooms, vehumet_crystals, kennysheep_mini_moat,
          gammafunk_temple_overflow_statue, zombieorc2_lemuel
D:10:     layout_cave_pools, chequers_serial_rivers_micro_b
Temple:   minmay_temple_bridge_d
Lair:1:   layout_regular_city, enter_volcano_3, serial_bayou_shore_a,
          grunt_megastairs_5, infiniplex_staircase_pool_2
Lair:2:   layout_gridlike
Lair:3:   layout_cave_pods, minmay_shoals_entry_hut,
          spider_nest_entry_web_field, pond, uniq_snorg
Lair:4:   dpeg_oklob_gauntlet, layout_cave_shapes, basic_altar,
          nicolae_quartered_pool_little, st_stairs_5
Lair:5:   layout_roguey, lemuel_old_faithful
Lair:6:   cheibrodos_lair_end_hotspot, layout_gridlike, slime_altar_1,
          serial_rivers, chequers_serial_rivers_micro_b,
          chequers_serial_rivers_small_b, chequers_serial_rivers_micro_c,
          chequers_serial_rivers_micro_c, chequers_serial_rivers_room_b,
          guppyfry_lair_drakes, uniq_rupert
Orc:1:    layout_caves, basic_altar, mines2_david
Orc:2:    st_orc_mages, layout_caves, portal_ice_cave_entry_ice_beasts,
          nicolae_orc_crystal_geode

Table legend:
 A = Turns spent in this place as a percentage of turns spent in the entire game.
 B = Non-inter-level travel turns spent in this place as a percentage of non-inter-level travel turns spent in the entire game.
 C = Inter-level travel turns spent in this place as a percentage of turns spent in this place.
 D = Turns resting spent in this place as a percentage of non-inter-level travel turns spent in this place.
 E = Turns spent auto-exploring this place as a percentage of non-inter-level travel turns spent in this place.
 F = Non-inter-level travel turns spent in this place divided by the number of levels of this place that you've seen.
                   A       B       C       D       E      F
               +-------+-------+-------+-------+-------+----------------------
         Total | 100.0 | 100.0 |   3.9 |  28.3 |  50.1 | 900.3
       Dungeon |  46.5 |  46.5 |   3.9 |  16.5 |  58.9 | 837.7
        Temple |   0.9 |   0.4 |  60.6 |   0.0 |  97.0 |  67.0
          Lair |  48.8 |  49.2 |   3.0 |  37.4 |  44.1 | 1476.8
  Orcish Mines |   2.8 |   2.9 |   1.9 |  54.4 |  20.5 | 261.0
        Bailey |   1.0 |   1.0 |   0.0 |  58.3 |   5.6 | 180.0
               +-------+-------+-------+-------+-------+----------------------

Table legend:
 A = Kills in this place as a percentage of kills in entire the game.
 B = Kills by you in this place as a percentage of kills by you in the entire game.
 C = Kills by friends in this place as a percentage of kills by friends in the entire game.
 D = Other kills in this place as a percentage of other kills in the entire game.
 E = Experience gained in this place as a percentage of experience gained in the entire game.
 F = Experience gained in this place divided by the number of levels of this place that you have seen.
                   A       B       C       D       E      F
               +-------+-------+-------+-------+-------+----------------------
         Total | 100.0 | 100.0 |   N/A | 100.0 | 100.0 | 3076.4
       Dungeon |  57.4 |  57.3 |   N/A |  66.7 |  21.8 | 1339.6
          Lair |  36.4 |  36.7 |   N/A |   0.0 |  72.7 | 7460.0
  Orcish Mines |   6.2 |   6.0 |   N/A |  33.3 |   5.5 | 1685.5
               +-------+-------+-------+-------+-------+----------------------
